Map: Données C

Players

ShaDoWn

  • Race: Protoss Protoss
  • Spawn Location: 3:00

Zoun - Winner!

  • Race: Protoss Protoss
  • Spawn Location: 9:00

Event: DreamHack SC2 Masters 2022 Atlanta (Offline)

VOD

Have the link to the VOD?

Description

Time

  • Played on: Nov. 18, 2022, 8:33 p.m.
  • Length: 12:27

All games in this series

Show
View Real Time Build Order
Export as new Build Order

ShaDoWn Protoss 

Build Orders: Blink Stalkers 

Get SALT Encoding   

  12  0:00  Probe  
  13  0:12  Probe  
  14  0:17  Pylon  
  14  0:24  Probe  
  15  0:37  Gateway  
  15  0:38  Probe (Chrono Boost)  
  16  0:48  Probe (Chrono Boost), Assimilator  
  17  0:53  Probe (Chrono Boost)  
  17  0:56  Assimilator  
  18  1:04  Probe (Chrono Boost)  
  18  1:08  Gateway  
  19  1:13  Probe (Chrono Boost)  
  20  1:19  Probe  
  20  1:24  Cybernetics Core  
  21  1:31  Probe  
  22  1:40  Pylon  
  22  1:43  Probe  
  23  2:00  Robotics Facility  
  23  2:01  Adept  
  23  2:02  Adept  
  23  2:04  Warp Gate  
  27  2:12  Pylon  
  27  2:15  Probe  
  28  2:31  Probe  
  29  2:47  Nexus  
  29  2:50  Probe  
  30  2:56  Pylon  
  29  3:00  Sentry  
  31  3:14  Probe  
  32  3:24  Twilight Council  
  32  3:26  Probe (Chrono Boost)  
  31  3:28  Sentry, Stalker  
  35  3:38  Probe (Chrono Boost)  
  35  3:41  Pylon  
  36  3:43  Probe (Chrono Boost)  
  37  3:53  Probe (Chrono Boost)  
  38  3:57  Blink (Chrono Boost)  
  38  4:02  Probe (Chrono Boost)  
  40  4:03  Probe (Chrono Boost)  
  40  4:04  Adept  
  40  4:09  Probe (Chrono Boost)  
  43  4:10  Probe (Chrono Boost)  
  43  4:14  Probe (Chrono Boost)  
  43  4:16  Stalker  
  47  4:19  Probe  
  45  4:26  Probe  
  46  4:33  Probe  
  46  4:38  Probe  
  45  4:45  Probe  
  45  4:50  Probe  
  47  4:53  Nexus  
  47  4:57  Sentry  
  47  4:58  Probe, Stalker  
  52  5:02  Probe  
  52  5:04  Pylon  
  53  5:10  Probe  
  53  5:12  Gateway  
  54  5:14  Probe  
  54  5:17  Pylon  
  55  5:21  Stalker  
  55  5:22  Probe  
  55  5:26  Stalker  
  55  5:27  Probe  
  61  5:34  Probe  
  62  5:39  Probe, Pylon  
  60  5:46  Probe, Stalker  
  60  5:51  Probe  
  60  5:52  Assimilator  
  61  5:57  Stalker  
  61  5:59  Probe (Chrono Boost)  
  61  6:03  Probe (Chrono Boost)  
  64  6:08  Probe (Chrono Boost)  
  62  6:15  Probe (Chrono Boost)  
  62  6:16  Probe (Chrono Boost)  
  62  6:17  Probe (Chrono Boost)  
  65  6:20  Shield Battery, Probe (Chrono Boost)  
  65  6:22  Probe (Chrono Boost)  
  65  6:24  Forge, Probe (Chrono Boost)  
  67  6:29  Stalker  
  67  6:32  Stalker  
  72  6:34  Probe x2 (Chrono Boost)  
  74  6:40  Probe (Chrono Boost)  
  74  6:41  Robotics Facility, Probe (Chrono Boost)  
  74  6:43  Probe (Chrono Boost)  
  74  6:46  Probe  
  77  6:48  Probe, Stalker  
  77  6:52  Stalker  
  77  6:53  Probe  
  83  6:55  Assimilator  
  83  6:59  Probe, Assimilator  
  83  7:01  Probe, Stalker  
  87  7:03  Protoss Ground Weapons Level 1  
  87  7:04  Pylon  
  87  7:05  Probe  
  88  7:11  Probe  
  88  7:13  Probe  
  88  7:15  Pylon  
  90  7:16  Stalker  
  90  7:18  Probe  
  93  7:25  Immortal (Chrono Boost), Gateway  
  97  7:31  Stalker x2  
  101  7:37  Pylon  
  101  7:38  Pylon  
  101  7:40  Gateway  
  101  7:50  Nexus  
  101  7:52  Pylon  
  101  7:57  Stalker x2, Pylon  
  105  7:59  Stalker  
  105  8:05  Robotics Bay, Probe x2  
  109  8:06  Probe  
  109  8:11  Observer (Chrono Boost)  
  109  8:12  Robotics Facility  
  111  8:18  Shield Battery  
  111  8:23  Stalker  
  111  8:24  Stalker  
  115  8:28  Immortal (Chrono Boost), Stalker  
  115  8:31  Stalker  
  115  8:33  Probe  
  115  8:34  Probe  
  125  8:35  Probe  
  126  8:45  Probe  
  126  8:46  Probe  
  126  8:47  Probe  
  129  8:51  Assimilator  
  129  8:52  Assimilator  
  129  8:53  Photon Cannon  
  129  8:58  Probe x2  
  129  8:59  Probe  
  129  9:00  Disruptor (Chrono Boost)  
  129  9:01  Disruptor (Chrono Boost)  
  138  9:05  Photon Cannon  
  138  9:06  Probe  
  138  9:10  Probe x2  
  138  9:11  Protoss Ground Weapons Level 2 (Chrono Boost)  
  138  9:12  Probe  
  141  9:20  Probe  
  141  9:21  Assimilator  
  141  9:22  Disruptor (Chrono Boost), Pylon  
  141  9:23  Stalker x3  
  151  9:27  Disruptor (Chrono Boost)  
  151  9:30  Photon Cannon  
  154  9:32  Observer  
  154  9:37  Photon Cannon  
  154  9:38  Pylon  
  154  9:43  Photon Cannon  
  154  9:46  Disruptor (Chrono Boost), Photon Cannon  
  154  9:49  Charge  
  157  9:55  Disruptor  
  157  9:56  Stalker x2  
  151  10:04  Zealot x2  
  151  10:15  Stargate  
  151  10:17  Stalker  
  151  10:18  Disruptor  
  152  10:26  Probe  
  141  10:31  Probe  
  141  10:33  Stalker x4  
  141  10:35  Disruptor, Probe  
  135  10:38  Probe  
  135  10:41  Pylon  
  139  10:45  Probe  
  139  10:48  Probe  
  139  10:51  Nexus  
  139  10:52  Zealot  
  139  10:53  Probe  
  135  10:59  Stalker x4  
  135  11:00  Disruptor  
  143  11:04  Probe  
  144  11:12  Zealot, Probe  
  144  11:17  Oracle  
  148  11:20  Observer  
  143  11:25  Stalker x2  
  143  11:26  Stalker x2  
  141  11:38  Probe  
  116  11:42  Probe  
  116  11:44  Stalker  
  119  11:50  Gateway  
  119  11:51  Stalker  
  119  11:52  Zealot x3, Gateway  
  119  11:53  Gateway  
  119  11:54  Assimilator  
  130  11:55  Gateway  
  130  11:57  Disruptor (Chrono Boost)  
  130  12:04  Nexus  
  130  12:08  Zealot  
  119  12:22  Zealot x4  
Show
View Real Time Build Order
Export as new Build Order

Zoun Protoss - Winner!

Build Orders: Blink Stalkers 

Get SALT Encoding   

  12  0:00  Probe  
  13  0:12  Probe  
  14  0:17  Pylon  
  14  0:24  Probe (Chrono Boost)  
  15  0:36  Probe (Chrono Boost)  
  15  0:38  Gateway  
  16  0:44  Probe (Chrono Boost)  
  16  0:46  Assimilator  
  17  0:50  Probe  
  18  1:03  Probe  
  19  1:15  Probe  
  20  1:26  Cybernetics Core  
  20  1:28  Probe  
  20  1:29  Pylon  
  20  1:30  Zealot  
  23  1:49  Nexus  
  23  1:56  Assimilator  
  23  1:57  Probe  
  24  2:03  Stalker (Chrono Boost)  
  26  2:08  Warp Gate  
  26  2:12  Probe  
  27  2:25  Stalker (Chrono Boost)  
  29  2:31  Shield Battery  
  29  2:33  Probe  
  30  2:40  Gateway  
  30  2:45  Probe  
  31  3:01  Probe, Stalker  
  34  3:05  Twilight Council  
  34  3:10  Probe  
  34  3:17  Probe (Chrono Boost)  
  34  3:22  Probe (Chrono Boost)  
  34  3:29  Probe (Chrono Boost), Pylon  
  34  3:33  Probe (Chrono Boost)  
  36  3:36  Probe (Chrono Boost)  
  36  3:38  Probe (Chrono Boost)  
  36  3:40  Blink (Chrono Boost)  
  38  3:44  Probe  
  39  3:49  Probe  
  40  3:56  Probe  
  40  3:59  Adept  
  40  4:01  Adept  
  40  4:02  Probe  
  46  4:08  Probe  
  47  4:14  Probe  
  48  4:20  Probe  
  49  4:26  Probe  
  49  4:28  Sentry x2  
  49  4:30  Pylon  
  54  4:38  Probe  
  54  4:42  Probe  
  54  4:45  Robotics Facility  
  52  4:50  Probe  
  53  4:53  Nexus  
  53  4:55  Stalker, Pylon  
  53  4:57  Stalker  
  53  4:58  Probe  
  58  5:08  Gateway x2  
  58  5:10  Probe  
  59  5:15  Shield Battery  
  59  5:16  Probe  
  60  5:22  Adept x2  
  60  5:24  Probe  
  60  5:28  Assimilator  
  65  5:33  Forge  
  65  5:34  Probe  
  66  5:50  Stalker x2  
  66  5:53  Protoss Ground Weapons Level 1 (Chrono Boost)  
  66  5:54  Observer, Pylon  
  69  6:02  Stalker  
  69  6:08  Pylon  
  69  6:10  Observer  
  69  6:11  Stalker  
  70  6:13  Probe x2  
  70  6:15  Shield Battery, Probe  
  70  6:16  Phoenix  
  70  6:18  Immortal (Chrono Boost)  
  73  6:25  Probe x2  
  79  6:26  Stalker  
  79  6:27  Probe  
  79  6:32  Charge (Chrono Boost)  
  82  6:37  Probe (Chrono Boost)  
  82  6:38  Probe (Chrono Boost)  
  82  6:39  Probe (Chrono Boost)  
  85  6:42  Gateway  
  85  6:43  Gateway  
  85  6:49  Gateway, Probe (Chrono Boost)  
  85  6:51  Probe (Chrono Boost)  
  85  6:52  Gateway  
  85  6:53  Pylon  
  88  6:55  Probe (Chrono Boost)  
  88  6:58  Warp Prism  
  88  6:59  Probe (Chrono Boost)  
  91  7:10  Pylon  
  91  7:11  Probe  
  91  7:12  Probe x2, Assimilator, Pylon  
  94  7:16  Robotics Bay  
  94  7:23  Nexus  
  94  7:26  Pylon  
  94  7:29  Probe x2  
  96  7:37  Probe  
  96  7:39  Observer  
  96  7:41  Probe, Photon Cannon, Pylon  
  96  7:42  Probe  
  99  7:44  Shield Battery  
  99  7:46  Photon Cannon  
  99  7:48  Protoss Ground Weapons Level 2 (Chrono Boost)  
  99  7:51  Stalker x3  
  101  7:57  Probe x2  
  107  7:59  Disruptor (Chrono Boost)  
  107  8:05  Robotics Facility  
  110  8:07  Probe  
  110  8:09  Probe x2  
  110  8:10  Zealot  
  110  8:11  Zealot  
  110  8:12  Zealot  
  119  8:20  Zealot x4  
  119  8:24  Photon Cannon  
  127  8:29  Disruptor (Chrono Boost)  
  127  8:32  Pylon  
  130  8:38  Probe x3  
  130  8:39  Probe  
  134  8:44  Gateway  
  134  8:45  Gateway  
  134  8:51  Disruptor (Chrono Boost)  
  134  8:53  Photon Cannon  
  137  8:58  Nexus  
  137  9:00  Pylon  
  137  9:02  Disruptor (Chrono Boost), Observer  
  140  9:11  Pylon  
  140  9:13  Shield Battery, Pylon  
  140  9:14  Stalker x2  
  140  9:15  Gateway  
  144  9:20  Shield Battery  
  144  9:22  Photon Cannon  
  144  9:27  Observer (Chrono Boost)  
  145  9:32  Gravitic Boosters  
  145  9:33  Disruptor (Chrono Boost)  
  145  9:36  Zealot x5  
  158  9:39  Zealot x2  
  162  9:56  Disruptor  
  162  10:04  Zealot x8  
  178  10:08  Assimilator  
  178  10:10  Assimilator  
  178  10:11  Disruptor (Chrono Boost)  
  175  10:29  Gravitic Drive  
  175  10:30  Disruptor (Chrono Boost)  
  175  10:34  Zealot x7  
  175  10:35  Zealot  
  180  10:39  Pylon  
  180  10:44  Disruptor (Chrono Boost)  
  167  10:57  Disruptor  
  167  11:02  Dark Shrine  
  167  11:03  Pylon  
  166  11:04  Probe x2  
  166  11:10  Zealot x7  
  180  11:15  Assimilator  
  180  11:16  Assimilator  
  180  11:17  Pylon  
  176  11:23  Probe  
  143  11:37  Stalker  
  143  11:38  Zealot x6, Stalker x3  
  143  11:39  Zealot  
  163  11:42  Observer  
  163  11:50  Gateway, Photon Cannon  
  163  11:52  Probe, Gateway, Photon Cannon  
  163  11:53  Probe, Photon Cannon  
  165  11:54  Photon Cannon  
  165  11:56  Shield Battery  
  165  11:58  Pylon  
  165  11:59  Stalker x2  
  165  12:00  Zealot x3, Stalker x2  
  180  12:26  Zealot x5  
  180  12:27  Zealot x3  
Tags
 
Add a new tag
Caveats
  • Supply blocks, unpowered buildings, or Contaminate may cause inaccurate times.
  • Supply counts are checked every 10 seconds.